Map: Orbital Shipyard

Players

FLORENCIO - Winner!

  • Race: Protoss Protoss
  • League: Diamond

amiforfun

  • Race: Terran Terran
  • League: Diamond

VOD

Have the link to the VOD?

Description

Time

  • Played on: Jan. 31, 2016, 8:49 p.m.
  • Length: 11:22
Show
View Real Time Build Order
Export as new Build Order

FLORENCIO Protoss - Winner!

Build Orders: 1 Gate Expand, Oracle Opening 

Get SALT Encoding   

  12  0:03  Probe (Chrono Boost)  
  13  0:14  Probe (Chrono Boost)  
  14  0:19  Pylon  
  14  0:33  Probe (Chrono Boost)  
  15  0:41  Gateway  
  15  0:44  Probe (Chrono Boost)  
  16  0:54  Probe (Chrono Boost)  
  16  0:56  Assimilator  
  17  1:00  Assimilator  
  17  1:05  Probe (Chrono Boost)  
  18  1:26  Probe (Chrono Boost)  
  18  1:30  Cybernetics Core  
  19  1:40  Nexus  
  19  1:44  Probe (Chrono Boost)  
  20  1:57  Pylon  
  20  2:00  Probe (Chrono Boost)  
  21  2:10  Probe (Chrono Boost)  
  22  2:20  Stargate  
  22  2:22  Mothership Core (Chrono Boost)  
  24  2:31  Pylon  
  23  2:55  Probe (Chrono Boost)  
  23  2:56  Probe (Chrono Boost)  
  25  3:03  Oracle  
  25  3:05  Probe (Chrono Boost)  
  29  3:07  Probe (Chrono Boost)  
  29  3:08  Stalker  
  32  3:17  Probe (Chrono Boost)  
  33  3:25  Probe (Chrono Boost)  
  34  3:28  Assimilator, Probe (Chrono Boost)  
  35  3:35  Probe (Chrono Boost)  
  35  3:38  Probe (Chrono Boost)  
  37  3:56  Void Ray (Chrono Boost)  
  37  3:57  Stargate  
  41  4:05  Pylon, Probe x2 (Chrono Boost)  
  41  4:06  Pylon  
  43  4:13  Assimilator  
  43  4:16  Probe (Chrono Boost)  
  44  4:28  Stalker  
  43  4:32  Probe  
  48  4:38  Void Ray (Chrono Boost)  
  48  4:43  Probe  
  49  4:50  Void Ray (Chrono Boost), Probe  
  54  4:54  Probe  
  55  5:02  Probe  
  55  5:06  Probe  
  57  5:14  Probe  
  58  5:18  Void Ray (Chrono Boost), Probe, Pylon  
  63  5:27  Void Ray (Chrono Boost)  
  67  5:29  Probe  
  68  5:36  Probe  
  68  5:41  Probe  
  68  5:42  Pylon  
  70  5:59  Fleet Beacon  
  70  6:13  Stalker  
  70  6:16  Void Ray (Chrono Boost)  
  80  6:18  Void Ray (Chrono Boost)  
  80  6:26  Stargate  
  80  6:29  Pylon  
  80  6:35  Nexus  
  86  6:54  Carrier (Chrono Boost)  
  90  7:37  Carrier (Chrono Boost)  
  90  7:39  Pylon x2  
  90  7:41  Pylon  
  90  7:43  Pylon  
  90  7:44  Pylon  
  96  7:53  Nexus  
  96  7:57  Probe  
  97  7:59  Carrier (Chrono Boost)  
  93  8:09  Probe  
  94  8:16  Carrier (Chrono Boost)  
  100  8:21  Mothership Core  
  102  8:28  Probe  
  103  8:39  Probe  
  103  8:40  Stalker  
  106  8:47  Pylon  
  106  8:48  Pylon  
  106  8:50  Pylon  
  96  9:29  Oracle (Chrono Boost), Probe  
  100  9:32  Forge  
  100  9:40  Probe  
  100  9:45  Carrier (Chrono Boost)  
  112  9:50  Probe  
  113  9:56  Carrier (Chrono Boost)  
  113  10:01  Probe  
  114  10:11  Probe  
  115  10:25  Probe  
  116  10:29  Assimilator  
  116  10:34  Assimilator  
  116  10:35  Probe  
  117  10:46  Probe  
Show
View Real Time Build Order
Export as new Build Order

amiforfun Terran 

Build Orders: Reaper Expand, MMM Bio 

Get SALT Encoding   

  12  0:01  SCV  
  13  0:13  SCV  
  14  0:20  Supply Depot  
  14  0:25  SCV  
  15  0:41  SCV  
  16  0:43  Barracks  
  16  0:47  Refinery  
  16  0:53  SCV  
  17  1:05  SCV  
  18  1:18  SCV  
  19  1:28  Refinery  
  19  1:30  Orbital Command  
  19  1:31  Reaper  
  20  1:47  Command Center  
  20  1:57  SCV  
  21  2:06  Reaper  
  21  2:07  Supply Depot  
  22  2:09  SCV  
  23  2:18  Factory  
  23  2:29  SCV  
  24  2:30  Supply Depot  
  24  2:41  SCV  
  24  2:53  SCV  
  24  2:54  Supply Depot  
  24  2:55  Barracks Tech Lab  
  25  3:02  Supply Depot  
  26  3:05  SCV  
  26  3:06  Factory Tech Lab  
  26  3:11  Orbital Command  
  26  3:17  SCV  
  27  3:21  Marine  
  27  3:26  Cyclone  
  31  3:30  SCV  
  31  3:31  Engineering Bay  
  32  3:39  Marine  
  33  3:42  SCV  
  33  3:56  Marine, Barracks x2  
  33  3:58  Cyclone  
  37  4:03  SCV  
  37  4:04  Missile Turret  
  38  4:14  Missile Turret, SCV  
  38  4:15  Marine, SCV  
  39  4:28  SCV  
  39  4:30  SCV  
  41  4:35  Marine  
  42  4:40  SCV  
  42  4:42  SCV  
  44  4:52  SCV  
  45  4:54  SCV  
  45  4:58  Barracks Reactor  
  46  5:00  Starport, Barracks Tech Lab  
  46  5:04  SCV  
  46  5:06  SCV  
  48  5:08  Refinery  
  48  5:09  Refinery  
  51  5:16  SCV  
  51  5:19  SCV  
  50  5:21  Barracks  
  50  5:24  Factory Reactor  
  50  5:25  Stimpack  
  50  5:26  Combat Shields  
  50  5:27  Marine x2  
  52  5:28  SCV  
  52  5:31  SCV  
  52  5:32  Terran Infantry Weapons Level 1, Supply Depot  
  54  5:36  Marine x2  
  54  5:40  SCV  
  57  5:43  SCV  
  57  5:44  Medivac  
  57  5:45  Marine x2  
  62  5:53  SCV  
  62  5:54  Marine x2  
  62  5:55  SCV  
  66  5:57  Liberator  
  66  6:03  Marine  
  67  6:04  Widow Mine x2  
  67  6:05  Marine  
  75  6:22  SCV  
  75  6:24  Marauder  
  78  6:34  Concussive Shells, Supply Depot  
  78  6:35  Supply Depot  
  78  6:40  Liberator  
  78  6:45  Supply Depot  
  78  6:46  Supply Depot x2  
  78  6:51  Marine x2, SCV  
  78  6:52  Marauder x2  
  85  6:55  Widow Mine x2  
  85  6:56  Marauder  
  95  7:01  SCV  
  95  7:06  Missile Turret  
  95  7:07  Missile Turret  
  95  7:09  Marine x2  
  95  7:13  Marauder x2  
  101  7:17  Marauder  
  103  7:22  Liberator  
  94  7:38  Missile Turret, SCV x2  
  94  7:40  Missile Turret  
  94  7:42  Marine x3  
  94  7:43  Missile Turret  
  102  7:44  Marine x2  
  102  7:50  SCV x2  
  106  7:53  Terran Infantry Armor Level 1  
  106  7:59  Marine  
  107  8:05  Liberator  
  107  8:09  SCV x2  
  107  8:11  Marine  
  110  8:13  Marine x2  
  110  8:14  Missile Turret, Marauder  
  110  8:15  Missile Turret  
  110  8:16  Missile Turret  
  110  8:18  Widow Mine  
  116  8:21  SCV  
  120  8:30  SCV  
  120  8:32  Marauder  
  123  8:36  SCV  
  124  8:45  SCV  
  110  9:04  Marine x5  
  111  9:12  SCV  
  110  9:17  Command Center  
  110  9:22  Marine x5  
  113  9:40  Marine  
  113  9:41  Marine x4  
  118  9:48  Barracks  
  118  9:49  Barracks  
  118  9:50  Barracks  
  118  9:52  Medivac x2  
  122  9:58  Marine x3  
  122  9:59  Marine  
  126  10:01  Marine  
  95  10:14  Factory Reactor  
  95  10:16  Marine x4  
  95  10:17  Command Center  
  95  10:19  Marine, SCV  
  101  10:25  Supply Depot x3  
  101  10:33  SCV  
  101  10:34  Marine x4  
  106  10:41  Barracks Reactor  
  106  10:42  Barracks Reactor  
  106  10:43  Barracks Reactor  
  106  10:47  Armory  
  102  10:50  Engineering Bay  
  102  10:51  Marine, Command Center  
  102  10:52  Marine x4  
Tags
 
Add a new tag
Caveats
  • Supply blocks, unpowered buildings, or Contaminate may cause inaccurate times.
  • Supply counts are checked every 10 seconds.